 Dungeon Crawl Stone Soup version 0.32-a0-893-gf85d74f360 (webtiles) character file.

Game seed: 8798745131127951637

65 Heh the Slasher (level 4, -4/33 HPs)
             Began as a Coglin Gladiator on Apr 3, 2024.
             Slain by Sigmund
             ... wielding a +0 scythe
              (11 damage)
             ... on level 3 of the Dungeon.
             The game lasted 00:05:31 (1672 turns).

Heh the Slasher (Coglin Gladiator)                  Turns: 1672, Time: 00:05:33

Health: -4/33      AC:  4    Str: 15    XL:     4   Next: 13%
Magic:  4/4        EV: 11    Int:  7    God:
Gold:   95         SH:  0    Dex: 17    Spells: 3/3 levels left

rFire   . . .        a - +0 long sword {Rabni}
rCold   . . .        q - +0 falchion {Raúl}
rNeg    . . .        b - +0 leather armour
rPois   .            c - +0 helmet
rElec   .            p - scarf {repulsion}
rCorr   .            (no gloves)
SInv    .            (no boots)
Will    .....        (amulet unavailable)
Stlth   +            (ring unavailable)
HPRegen 0.25/turn    (ring unavailable)
MPRegen 0.09/turn    (no gizmo)

%: repel missiles
@: confused, revving
A: off-hand wielding, slow wielding, warmup strikes, no jewellery
a: Invent Gizmo


You were on level 3 of the Dungeon.
You visited 1 branch of the dungeon, and saw 3 of its levels.

You collected 95 gold pieces.

Inventory:

Hand Weapons
 a - a +0 long sword (weapon) {Rabni}
 f - a +0 dagger {Yolanda}
 o - a +1 mace of venom {Fernando}
 q - a +0 falchion (offhand) {Raúl}
Missiles
 d - 2 throwing nets (quivered)
 e - a javelin
Armour
 b - a +0 leather armour (worn)
 c - a +0 helmet (worn)
 g - a +0 hat
 m - a +0 chain mail
 p - a scarf of repulsion (worn)
Scrolls
 i - a scroll of silence
 k - a scroll of poison
 l - 2 scrolls of brand weapon {unknown}
 n - a scroll of enchant weapon
 s - a scroll of noise
 t - 2 scrolls of blinking {unknown}
Potions
 r - a potion of brilliance


   Skills:
 - Level 2.0 Fighting
 + Level 4.9 Long Blades
 - Level 1.7 Throwing
 - Level 2.6 Dodging


You had 3 spell levels left.
You didn't know any spells.
Your spell library contained the following spells:

 Spells                   Type           Power      Damage    Failure   Level
 Dazzling Flash           Conj/Hex       0%         N/A       86%         3
 Mephitic Cloud           Conj/Alch/Air  0%         N/A       86%         3
 Curse of Agony           Necr           0%         N/A       100%        5
 Silence                  Hex/Air        0%         N/A       100%        5


Dungeon Overview and Level Annotations

Branches:
Dungeon (3/15)

Altars:

Annotations:
D:3 Sigmund


Innate Abilities, Weirdness & Mutations

You can wield a second weapon in your off-hand.
It takes a long time for you to wield or remove held weapons.
Your first few attacks do less damage.
You cannot equip rings or amulets.


Message History

The endoplasm freezes you.
You are frozen.
Sigmund hits you with a +0 scythe!
Unknown command.
Okay, then.
As you read the scroll of summoning, it crumbles to dust.
Wisps of shadow whirl around you...
The endoplasm hits you but does no damage.
You closely miss Sigmund with your +0 long sword.
Sigmund is lightly wounded.
You closely miss Sigmund with your +0 falchion.
Sigmund gestures at you while chanting.
You are confused.
The endoplasm hits you but does no damage.
Your adder bites the endoplasm.
The endoplasm is poisoned.
Your adder poisons the endoplasm!
Your bat hits the endoplasm. You miss Sigmund with your +0 falchion.
Sigmund is lightly wounded.
You barely miss Sigmund with your +0 long sword.
Your bat hits the endoplasm but does no damage.
Your bat closely misses Sigmund.
Your adder barely misses the endoplasm.
Your adder barely misses Sigmund.
The jelly closely misses your adder. The endoplasm closely misses your bat.
Sigmund hits you but does no damage.
The endoplasm dies!
Your bat hits Sigmund but does no damage.
Your adder bites Sigmund.
The jelly hits your adder.
Your adder is splashed with acid.
Your bat hits Sigmund but does no damage.
Sigmund casts a spell at you. The magic dart hits you.
* * * LOW HITPOINT WARNING * * *
Your adder bites Sigmund but does no damage.
Your adder closely misses Sigmund.
The jelly hits your adder.
Your adder is splashed with acid.
Your adder dies!
Your adder's corpse dissolves into shadows!
Your bat barely misses Sigmund.
Your adder barely misses Sigmund.
Sigmund attacks as he pursues you!
Sigmund hits you from afar with a +0 scythe!
You die...
Sigmund begins carving another notch in his scythe.

#.######.#......#
#......#........#
##.............#..
#.................
#.................
#...............##
#...............#
####...............#
##...@.............##
#...........#.....##..
#......@b..#########
o. #.....>..S.# .#
#.......J..#
#..........#
#..........#
##........##
#.........


You could see Sigmund (ally target), a jelly, a friendly adder (summoned) and a
friendly bat (summoned).

Vanquished Creatures
  An adder (D:2)
  A dart slug (D:3)
  3 ribbon worms
  6 endoplasms
  A giant cockroach (D:2)
  4 goblins
  5 hobgoblins (D:2)
  A quokka (D:1)
  5 ball pythons (D:1)
  6 bats
  5 frilled lizards
  3 kobolds
  5 rats
46 creatures vanquished.

Vanquished Creatures (collateral kills)
  An endoplasm (D:3)
1 creature vanquished.

Grand Total: 47 creatures vanquished

Notes
Turn   | Place    | Note
-------+----------+-------------------------------------------
     0 | D:1      | Heh the Coglin Gladiator began the quest for the Orb.
     0 | D:1      | Reached XP level 1. HP: 16/16 MP: 1/1
     3 | D:1      | Noticed an electric eel
     4 | D:1      | Noticed an electric eel
   185 | D:1      | Reached XP level 2. HP: 22/22 MP: 2/2
   840 | D:2      | Reached skill level 4 in Long Blades
  1011 | D:3      | Reached XP level 3. HP: 27/27 MP: 3/3
  1462 | D:2      | Reached XP level 4. HP: 33/33 MP: 4/4
  1660 | D:3      | Noticed Sigmund
  1672 | D:3      | Slain by Sigmund

Illustrated notes

Levels and vault maps discovered:
D:1:      arrival_aquarium_b, layout_loops_ring
D:2:      layout_basic, minivault_23, minmay_octomino_j4
D:3:      layout_rooms, nicolae_elyvilon_temple_path, uniq_sigmund

Skill      XL: |  1  2 |
---------------+-------+-----
Long Blades    | 4 |  4.9
Fighting       | |  2.0
Throwing       | |  1.7
Dodging        | |  2.6

Action                     |  1- 3 |  4- 6 || total
---------------------------+-------+-------++-------
  Melee: Long sword        |    80 |    15 ||    95
         Dagger            |    31 |       ||    31
         Mace              |     2 |       ||     2
         Falchion          |    40 |    13 ||    53
  Throw: Throwing net      |       |     1 ||     1
    Use: Scroll            |     5 |     3 ||     8
         Potion            |       |     1 ||     1
   Stab: Sleeping          |     1 |       ||     1
 Armour: Leather armour    |    58 |    15 ||    73
  Dodge: Dodged            |    61 |     6 ||    67
         Repelled          |     1 |     1 ||     2

Table legend: (Time is in decaauts)
 A = Elapsed time spent in this place.
 B = Non-inter-level travel time spent in this place.
 C = Inter-level travel time spent in this place.
 D = Time resting spent in this place.
 E = Time spent auto-exploring this place.
 F = Levels seen in this place.
 G = Mean time per level.
                   A        B        C        D        E       F      G
               +--------+--------+--------+--------+--------+-----+--------+
         Total |   1683 |   1467 |    216 |      0 |   1110 |   3 |  561.0 |
       Dungeon |   1683 |   1467 |    216 |      0 |   1110 |   3 |  561.0 |
               +--------+--------+--------+--------+--------+-----+--------+

Top non-repeatable levels by time:
     D:1: 924 daAuts
     D:2: 661 daAuts
     D:3: 98 daAuts
